 Dungeon Crawl Stone Soup version 0.25-a0-105-g2289b3b9f1 (webtiles) character file.

Game seed: 15310287800571866418, levelgen mode: deterministic

182 Myrm the Ruffian (level 5, -1/43 (44) HPs)
             Began as a Ghoul Gladiator on Nov 16, 2019.
             Slain by an orc
             ... wielding a +0 trident
              (4 damage)
             ... on level 3 of the Dungeon.
             The game lasted 00:28:33 (2272 turns).

Myrm the Ruffian (Ghoul Gladiator)                  Turns: 2272, Time: 00:28:34

HP:   -1/43 (44)    AC:  6    Str: 19    XL:     5   Next: 61%
MP:   4/4           EV: 12    Int:  3    God:
Gold: 170           SH:  0    Dex: 10    Spells: 4/4 levels left

rFire    . . .     SeeInvis .     - Unarmed
rCold    + . .     Gourm    .   (no shield)
rNeg     + + +     Faith    .   h - +0 ring mail
rPois    ∞         Spirit   .   b - +0 helmet
rElec    .         Reflect  .   (no cloak)
rCorr    .         Harm     .   (no gloves)
MR       .....                  (no boots)
Stlth    +.........             (no amulet)
HPRegen  0.00/turn              (no ring)
MPRegen  0.09/turn              k - ring of flight

@: rotting
A: rotting body, claws 1, carnivore, cold resistance 1, negative energy
resistance 3, inhibited regeneration, torment resistance, unbreathing
a: Evoke Flight


You were on level 3 of the Dungeon.
You were not hungry.

You visited 1 branch of the dungeon, and saw 3 of its levels.

You collected 170 gold pieces.

Inventory:

Hand Weapons
 l - a +2 falchion of slicing
Missiles
 c - 3 throwing nets (quivered)
Armour
 a - a +0 leather armour
 b - a +0 helmet (worn)
 h - a +0 ring mail (worn)
Jewellery
 k - a ring of flight (right claw)
Scrolls
 f - 2 scrolls of identify
Potions
 e - a potion of lignification {unknown}
 i - a potion of brilliance {unknown}
Comestibles
 d - 4 rations
 g - 5 chunks of flesh


   Skills:
 * Level 2.8 Fighting
 - Level 1.9 Throwing
 - Level 1.0 Armour
 + Level 3.2 Dodging
 * Level 1.5 Stealth
 + Level 5.4 Unarmed Combat


You had 4 spell levels left.
You didn't know any spells.
Your spell library contained the following spells:

 Spells                   Type           Power        Failure   Level  Hunger
 Magic Dart               Conj           #...         71%         1    ##.....
 Blink                    Tloc           N/A          85%         2    ###....
 Call Imp                 Summ           #.......     85%         2    ###....
 Slow                     Hex            #.......     85%         2    ###....
 Conjure Flame            Conj/Fire      #.......     97%         3    ####...
 Mephitic Cloud           Conj/Pois/Air  #.......     97%         3    ####...


Dungeon Overview and Level Annotations

Branches:
Dungeon (3/15)

Altars:
Vehumet


Innate Abilities, Weirdness & Mutations

Your body is rotting away.
You thrive on raw meat.
You are immune to poison.
You have sharp fingernails.
You are carnivorous and can eat meat at any time.
Your flesh is cold resistant. (rC+)
You are immune to negative energy. (rN+++)
You do not regenerate when monsters are visible.
You are immune to unholy pain and torment.
You can survive without breathing.


Message History

The orc hits you with a +0 hand axe of distortion.
Your surroundings suddenly seem different.
Found a ration. 4 orcs and an orc priest come into view.
The orc shouts! x4
The orc hits you with a +0 dagger.
You claw the orc!
You kill the orc!
You scratch the orc priest.
The orc priest is moderately wounded.
The orc hits you with a +0 club.
The orc priest calls down the wrath of Beogh upon you.
Beogh smites you!
* * * LOW HITPOINT WARNING * * *
The orc barely misses you. The orc priest hits you with a +0 club.
* * * LOW HITPOINT WARNING * * *
The orc hits you but does no damage.
The orc hits you from afar with a +0 trident.
You die...

#. ####.#####
.## #....#...##
..#
..........##
#.#
...........#
#.##
.......o)..#
...
.....o.o...#
#.##
......%o@.##
#..##
#...##...##
....# #####
######
##..###...##...
###)##.....>...
.##............
.##.#.÷........
...............
###.)..........


You could see an orc priest and 3 orcs.

Vanquished Creatures
  2 orc wizards (D:3)
  3 adders (D:2)
  2 oozes (D:3)
  A worm (D:2)
  4 dart slugs
  3 leopard geckos (D:1)
  10 orcs (D:3)
  3 bats
  5 giant cockroaches
  9 goblins
  5 hobgoblins
  2 jackals (D:1)
  7 frilled lizards
  6 kobolds
  7 rats
69 creatures vanquished.

Notes
Turn   | Place    | Note
-------+----------+-------------------------------------------
     0 | D:1      | Myrm the Ghoul Gladiator began the quest for the Orb.
     0 | D:1      | Reached XP level 1. HP: 17/17 MP: 0/0
   162 | D:1      | Reached XP level 2. HP: 22/24 MP: 1/1
   392 | D:1      | Reached skill level 4 in Unarmed Combat
   395 | D:1      | Reached XP level 3. HP: 22/30 MP: 2/2
   868 | D:2      | Found a radiant altar of Vehumet.
  1208 | D:2      | Reached XP level 4. HP: 36/37 MP: 3/3
  1486 | D:2      | Reached skill level 1 in Stealth
  1980 | D:3      | Reached skill level 1 in Armour
  1980 | D:3      | Reached skill level 5 in Unarmed Combat
  1980 | D:3      | Reached XP level 5. HP: 33/42 MP: 4/4
  2272 | D:3      | Slain by an orc

Levels and vault maps discovered:
D:1:      lemuel_arrival_behind_the_door_small, layout_rooms
D:2:      layout_basic, vehumet_crystals
D:3:      layout_rooms, first_ration, minmay_misc_feat_rugged

Skill      XL: |  1  2  3  4 |
---------------+-------------+-----
Unarmed Combat | 4 5 |  5.4
Dodging        | 3 |  3.2
Stealth        | 1 |  1.5
Armour         | 1 |  1.0
Fighting       | |  2.8
Throwing       | |  1.9

Action                   |  1- 3 |  4- 6 || total
-------------------------+-------+-------++-------
Melee: Unarmed           |   112 |   104 ||   216
       Punch             |     1 |     1 ||     2
  Use: Scroll            |     7 |     2 ||     9
       Potion            |     2 |       ||     2
  Eat: Chunk             |    13 |    11 ||    24
       Ration            |     1 |       ||     1
Armor: Leather armour    |    29 |     9 ||    38
       Ring mail         |       |    29 ||    29
Dodge: Dodged            |    69 |    61 ||   130

Table legend:
 A = Non-vault XP
 B = Vault XP
 C = Vault XP percentage of total XP
 D = Non-vault monster count
 E = Vault monster count
 F = Vault count percentage of total count
                 A         B        C        D         E       F
            +---------+---------+-------+---------+---------+-------
      Total |     260 |       0 |   0.0 |      69 |       0 |   0.0
            +---------+---------+-------+---------+---------+-------
        D:1 |      47 |       0 |   0.0 |      27 |       0 |   0.0
        D:2 |      81 |       0 |   0.0 |      21 |       0 |   0.0
        D:3 |     132 |       0 |   0.0 |      21 |       0 |   0.0
            +---------+---------+-------+---------+---------+-------
